 Dungeon Crawl Stone Soup version 0.30-a0-279-g4b46babb21 (webtiles) character file.

Game seed: 17827321334568283062

728 rogsnak the Magician (level 7, -7/47 HPs)
             Began as a Barachi Air Elementalist on Oct 16, 2022.
             Was an Initiate of Sif Muna.
             Shot with an arrow by a centaur (11 damage)
             ... on level 6 of the Dungeon.
             The game lasted 00:09:34 (4615 turns).

rogsnak the Magician (Barachi Air Elementalist)     Turns: 4615, Time: 00:09:34

Health: -7/47      AC:  4    Str:  9    XL:     7   Next: 72%
Magic:  10/15      EV: 12    Int: 18    God:    Sif Muna [......]
Gold:   195        SH:  0    Dex: 12    Spells: 12/17 levels left

rFire   . . .      SeeInvis .    i - +1 short sword (speed)
rCold   . . .      Faith    .    (no shield)
rNeg    . . .      Spirit   .    a - +0 robe
rPois   .          Reflect  .    m - +0 helmet
rElec   .          Harm     .    (no cloak)
rCorr   .          Rampage  .    (no gloves)
Will    .....                    p - +0 pair of boots
Stlth   ++........               G - amulet of regeneration
HPRegen 1.07/turn                e - ring of flight
MPRegen 0.14/turn                (no ring)

@: unable to hop, flying, slow
A: amphibious, slowness 1, strong legs 1, +LOS
a: Hop, Renounce Religion


You were on level 6 of the Dungeon.
You worshipped Sif Muna.
Sif Muna was noncommittal.
You visited 2 branches of the dungeon, and saw 7 of its levels.

You collected 195 gold pieces.

Inventory:

Hand Weapons
 c - a +0 club
 i - a +1 short sword of speed (weapon)
Missiles
 d - a throwing net
 j - 4 poisoned darts
Armour
 a - a +0 robe (worn)
 m - a +0 helmet (worn)
 p - a +0 pair of boots (worn)
Magical Staves
 H - a staff of death
Jewellery
 e - a ring of flight (left hand)
 F - an amulet of the acrobat
 G - an amulet of regeneration (around neck)
Wands
 t - a wand of polymorph (13)
 u - a wand of quicksilver (4)
 x - a wand of mindburst (16)
Scrolls
 f - a scroll of fear {unknown}
 h - 6 scrolls of identify {unknown}
 o - 2 scrolls of teleportation {unknown}
 r - a scroll of noise {unknown}
 s - a scroll of immolation {unknown}
 y - a scroll of enchant armour {unknown}
 C - a scroll of amnesia {unknown}
 D - a scroll of poison {unknown}
 E - a scroll of vulnerability {unknown}
Potions
 b - a potion of magic
 g - a potion of cancellation {unknown}
 k - a potion of attraction {unknown}
 l - a potion of curing {unknown}
 n - 2 potions of berserk rage {unknown}
 q - 2 potions of mutation {unknown}
 v - a potion of might {unknown}
 w - a potion of haste {unknown}
 z - a potion of degeneration {unknown}
 A - a potion of heal wounds {unknown}
 B - a potion of ambrosia {unknown}


   Skills:
 + Level 0.8 Fighting
 + Level 2.6 Dodging
 - Level 2.0 Stealth
 + Level 5.5 Spellcasting
 * Level 5.2 Conjurations
 + Level 5.2 Air Magic


You had 12 spell levels left.
You knew the following spells:

 Your Spells              Type           Power      Damage    Failure   Level
a - Shock                 Conj/Air       92%        1d8       1%          1
b - Airstrike             Air            12%        2d(2-18)  14%         4

Your spell library contained the following spells:

 Spells                   Type           Power      Damage    Failure   Level
 Static Discharge         Conj/Air       46%        2-4/arc   2%          2
 Swiftness                Air            24%        N/A       4%          3
 Call Canine Familiar     Summ           5%         N/A       36%         3
 Portal Projectile        Hex/Tloc       10%        N/A       36%         3
 Tukima's Dance           Hex            5%         N/A       36%         3
 Leda's Liquefaction      Hex/Erth       2%         N/A       77%         4
 Passage of Golubria      Tloc           5%         N/A       77%         4
 Yara's Violent Unravell  Hex/Tmut       2%         3d3       98%         5


Dungeon Overview and Level Annotations

Branches:
Dungeon (6/15)             Temple (1/1) D:6

Altars:
Cheibriados
Dithmenos
Elyvilon
Gozag
Makhleb
Nemelex Xobeh
Okawaru
Qazlal
Ru
Sif Muna
Trog
Uskayaw
Vehumet
Wu Jian
Xom

Annotations:
D:2 Sigmund


Innate Abilities, Weirdness & Mutations

You are amphibious.
You cover ground slowly.
You can hop short distances.
You have an extended range of vision and can be seen from far away.


Message History

The centaur is lightly wounded.
The centaur shoots an arrow.
The arrow barely misses you.
The centaur shoots an arrow.
The arrow hits you!
Casting: Shock (safe; 1% risk of failure)
Confirm with . or Enter, or press ? or * to list all spells.
Aiming: Shock (safe; 1% risk of failure)
Press: ? - help, Shift-Dir - straight line, f/p - centaur
Aim: a centaur, wielding a +0 shortbow (lightly wounded, 84% to hit)
The zap hits the centaur.
The centaur is moderately wounded.
The centaur shoots an arrow.
The arrow hits you!
Unknown command.
Casting: Shock (safe; 1% risk of failure)
Confirm with . or Enter, or press ? or * to list all spells.
Aiming: Shock (safe; 1% risk of failure)
Press: ? - help, Shift-Dir - straight line, f/p - centaur
Aim: a centaur, wielding a +0 shortbow (moderately wounded, 84% to hit)
The zap hits the centaur.
The centaur is heavily wounded.
The centaur shoots an arrow.
The arrow hits you!
* * * LOW HITPOINT WARNING * * *
The centaur shoots an arrow.
The arrow hits you.
* * * LOW HITPOINT WARNING * * *
Casting: Shock (safe; 1% risk of failure)
Confirm with . or Enter, or press ? or * to list all spells.
Aiming: Shock (safe; 1% risk of failure)
Press: ? - help, Shift-Dir - straight line, f/p - centaur
Aim: a centaur, wielding a +0 shortbow (heavily wounded, 84% to hit)
The zap misses the centaur.
The centaur shoots an arrow.
The arrow hits you.
* * * LOW HITPOINT WARNING * * *
Unknown command.
Casting: Shock (safe; 1% risk of failure)
Confirm with . or Enter, or press ? or * to list all spells.
Aiming: Shock (safe; 1% risk of failure)
Press: ? - help, Shift-Dir - straight line, f/p - centaur
Aim: a centaur, wielding a +0 shortbow (heavily wounded, 84% to hit)
The zap hits the centaur.
The centaur is severely wounded.
The centaur shoots an arrow.
The arrow hits you!
You die...

#.###....#### ##+##
#.#.........# #...##
#.#.........# .....##
#.#.........# ## ......##
#........#### ##.##
.......###.♣.♣...c#######.$.##.#
.......'....>...........c......+
.......###.♣.♣.#.########...##.#
......## #.....#@# ##......
.....## #...###.# #...... #..<##
##......# ...... ##+## #.######
...... #.# ..... #.# ..... #.#
c....


You could see a centaur.

Vanquished Creatures
  An ice beast (D:6)
  An ogre (D:4)
  A phantom (D:4)
  A scorpion (D:5)
  2 hounds
  6 iguanas
  An orc wizard (D:4)
  Robin (D:2)
  4 adders
  3 gnolls
  2 ufetubi (D:5)
  3 worms
  2 dart slugs
  2 orcs
  5 ball pythons
  10 endoplasms
  2 giant cockroaches (D:1)
  15 goblins
  7 hobgoblins
  2 jackals (D:5)
  4 quokkas
  3 bats (D:1)
  13 frilled lizards
  6 kobolds
  A rat (D:2)
98 creatures vanquished.

Vanquished Creatures (others)
  8 plants (D:1)
8 creatures vanquished.

Grand Total: 106 creatures vanquished

Notes
Turn   | Place    | Note
-------+----------+-------------------------------------------
     0 | D:1      | rogsnak the Barachi Air Elementalist began the quest for
                  | the Orb.
     0 | D:1      | Reached XP level 1. HP: 13/13 MP: 3/3
   192 | D:1      | Reached XP level 2. HP: 19/19 MP: 0/5
   650 | D:1      | Found a faded altar of an unknown god.
   866 | D:1      | Reached XP level 3. HP: 24/24 MP: 4/6
  1184 | D:2      | Noticed Robin
  1416 | D:2      | Reached XP level 4. HP: 30/30 MP: 0/8
  1860 | D:2      | Noticed Sigmund
  2049 | D:2      | Killed Robin
  2207 | D:3      | Reached XP level 5. HP: 36/36 MP: 5/10
  2600 | D:3      | Learned a level 4 spell: Airstrike
  3021 | D:4      | Noticed an ogre
  3104 | D:4      | Reached XP level 6. HP: 42/42 MP: 7/12
  3776 | D:4      | Reached skill level 5 in Air Magic
  3842 | D:5      | Entered Level 5 of the Dungeon
  3847 | D:5      | Reached XP level 7. HP: 47/47 MP: 8/14
  4034 | D:5      | Reached skill level 5 in Spellcasting
  4234 | D:5      | Noticed a two-headed ogre
  4531 | D:6      | Found a staircase to the Ecumenical Temple.
  4556 | D:6      | Reached skill level 5 in Conjurations
  4563 | Temple   | Entered the Ecumenical Temple
  4570 | Temple   | Became a worshipper of Sif Muna the Loreminder
  4615 | D:6      | Shot with an arrow by a centaur

Illustrated notes

Levels and vault maps discovered:
D:1:      nzn_arrival_depleted_hourglass, layout_loops_ring,
          shapermc_ecumenical_altar_mp_highgroup, minmay_misc_feat_room,
          st_stairs_4, roderic_roman_lattice, minmay_lizard_king
D:2:      layout_rooms, uniq_sigmund, uniq_robin
D:3:      layout_basic
D:4:      layout_cave_pools, fountainhead, hangedman_minor_gate_pass
D:5:      layout_rooms
D:6:      lemuel_slime, layout_loops_corners, minmay_temple_entry_trees,
          minivault_19, small_statue_intersection, minmay_manual_monstrance
Temple:   nicolae_temple_no_exploring_needed

Skill      XL: |  1  2  3  4  5  6  7 |
---------------+----------------------+-----
Air Magic      | 4 5 |  5.2
Conjurations   | 2 3 4 5 |  5.2
Spellcasting   | 3 4 5 |  5.5
Stealth        | 2 |  2.0
Fighting       | |  0.8
Dodging        | |  2.6

Action                   |  1- 3 |  4- 6 |  7- 9 || total
-------------------------+-------+-------+-------++-------
Melee: Unarmed           |     2 |       |       ||     2
       Club              |    21 |       |       ||    21
       Short sword       |       |    35 |    38 ||    73
 Cast: Shock             |    67 |   122 |    50 ||   239
 Abil: Hop               |       |     1 |     2 ||     3
Armor: Robe              |     8 |     4 |     3 ||    15
Dodge: Dodged            |    28 |    18 |    21 ||    67

Table legend: (Time is in decaauts)
 A = Elapsed time spent in this place.
 B = Non-inter-level travel time spent in this place.
 C = Inter-level travel time spent in this place.
 D = Time resting spent in this place.
 E = Time spent auto-exploring this place.
 F = Levels seen in this place.
 G = Mean time per level.
                   A        B        C        D        E       F      G
               +--------+--------+--------+--------+--------+-----+--------+
         Total |   5090 |   4925 |    165 |    469 |   3242 |   7 |  727.1 |
       Dungeon |   5073 |   4908 |    165 |    469 |   3242 |   6 |  845.5 |
        Temple |     17 |     17 |      0 |      0 |      0 |   1 |   17.0 |
               +--------+--------+--------+--------+--------+-----+--------+

Top non-repeatable levels by time:
     D:1: 1481 daAuts
     D:4: 1064 daAuts
     D:2: 952 daAuts
     D:3: 799 daAuts
     D:5: 700 daAuts
     D:6: 74 daAuts
  Temple: 17 daAuts
